Workbook

Sheet PRECIO HISTORICO
B1: MANTENIMIENTO EQUIPO AUTOMOTOR "MOTOCICLETAS Y CUATRIMOTOS MULTIMARCA"
B3: ESTUDIO DE MERCADO
B5: NOTA: todos los valores aquí observados, poseen el Iva y la mano de obra incluida.
B8: 1. SUZUKI DR 200
A9: IT | B9: MANTENIMIENTO A TODO COSTO DEL SISTEMA DE FRENOS – INCLUYENDO REPUESTOS
B10: DESCRIPCION
A11: 1 | B11: Mantenimiento preventivo y/o correctivo a todo costo al sistema de frenos que incluye lo siguiente: | C11: VALOR CONTRATADO 93-7-10037-26 | D11: VALOR PRECIO HISTORICO
B12: arandela cobre | C12: 59242.635 | D12: =C12 -> 59242.635
B13: arandela leva pedal freno | C13: 59185.843 | D13: =C13 -> 59185.843
B14: arandela resorte varilla freno | C14: 59185.843 | D14: =C14 -> 59185.843
B15: arandela seguridad pasador | C15: 59185.843 | D15: =C15 -> 59185.843
B16: buje caucho calipér freno delantero | C16: 128543.89 | D16: =C16 -> 128543.89
B17: caliper freno delantero | C17: 274825.37 | D17: =C17 -> 274825.37
B18: cambio liquido de freno(incluye liquido y mano de obra) | C18: 120061.02 | D18: =C18 -> 120061.02
B19: cilindro maestro o bomba freno | C19: 365770.46 | D19: =C19 -> 365770.46
B20: conjunto de pistón caliper delantero | C20: 189451.45 | D20: =C20 -> 189451.45
B21: conjunto sellos pistón caliper delantero | C21: 298489.11 | D21: =C21 -> 298489.11
B22: conjunto varilla freno trasero | C22: 561112.67 | D22: =C22 -> 561112.67
B23: disco freno delantero | C23: 550872.02 | D23: =C23 -> 550872.02
... B46: tuerca resorte varilla de freno | C46: 38135.08 | D46: =C46 -> 38135.08
A47: IT | B47: MANTENIMIENTO A TODO COSTO AL SISTEMA DE RODAMIENTO, INCLUYENDO REPUESTOS | C47: VALOR CONTRATADO 93-7-10037-26 | D47: VALOR PRECIO HISTORICO
B48: DESCRIPCION
A49: 2 | B49: Mantenimiento preventivo y/o correctivo a todo costo al sistema de rodamiento que incluye lo siguiente:
B50: ajustador cadena derecho | C50: 190247.01 | D50: =C50 -> 190247.01
B51: ajustador cadena izquierdo | C51: 190247.01 | D51: =C51 -> 190247.01
B52: cadena did 520 oring | C52: 364459.93 | D52: =C52 -> 364459.93
B53: conjunto engranaje del velocímetro | C53: 651225.28 | D53: =C53 -> 651225.28
B54: cubo o manzana rueda delantera | C54: 729424.94 | D54: =C54 -> 729424.94
B55: cubo o manzana rueda trasera | C55: 729424.94 | D55: =C55 -> 729424.94
B56: eje delantero | C56: 607938.3 | D56: =C56 -> 607938.3
B57: eje trasero | C57: 607938.3 | D57: =C57 -> 607938.3
B58: enderezado y cambio rallos ruedas del/tra | C58: 190317.48 | D58: =C58 -> 190317.48
B59: espaciador ajustador cadena derecho | C59: 125230.96 | D59: =C59 -> 125230.96
B60: espaciador ajustador cadena izquierdo | C60: 125230.96 | D60: =C60 -> 125230.96
B61: espaciador eje lado derecho | C61: 125230.96 | D61: =C61 -> 125230.96
... B75: tornillo sujeción sprocket o piñon | C75: 57787.277 | D75: =C75 -> 57787.277
A76: IT | B76: MANTENIMIENTO A TODO COSTO AL SISTEMA DE SUSPENSION, INCLUYENDO REPUESTOS | C76: VALOR CONTRATADO 93-7-10037-26 | D76: VALOR PRECIO HISTORICO
B77: DESCRIPCION
A78: 3 | B78: Mantenimiento preventivo y/o correctivo a todo costo al sistema de Suspensión que incluye lo siguiente:
B79: abrazadera inferior | C79: 78267.636 | D79: =C79 -> 78267.636
B80: abrazadera superior | C80: 78267.636 | D80: =C80 -> 78267.636
B81: acoplamiento de par trasero | C81: 509994.76 | D81: =C81 -> 509994.76
B82: amortiguador o monoshock rojo | C82: 1782776.4 | D82: =C82 -> 1782776.4
B83: anillo de pistón R/L | C83: 261975.8 | D83: =C83 -> 261975.8
B84: anillo tapón R/L | C84: 105362.22 | D84: =C84 -> 105362.22
B85: anillo tapón rodamiento | C85: 105362.22 | D85: =C85 -> 105362.22
B86: arandela empuje R/L | C86: 57787.277 | D86: =C86 -> 57787.277
B87: asiento resorte R/L | C87: 286881.64 | D87: =C87 -> 286881.64
B88: barra delantera completa derecha | C88: 1215062.1 | D88: =C88 -> 1215062.1
B89: barra delantera completa izquierda | C89: 1215062.1 | D89: =C89 -> 1215062.1
B90: buje pivote R/L | C90: 125230.96 | D90: =C90 -> 125230.96
... B135: tubo interior o de la horquilla R/L | C135: 592641.71 | D135: =C135 -> 592641.71
A136: IT | B136: MANTENIMIENTO A TODO COSTO AL MOTOR, INCLUYENDO REPUESTOS | C136: VALOR CONTRATADO 93-7-10037-26 | D136: VALOR PRECIO HISTORICO
B137: DESCRIPCION
A138: 4 | B138: Mantenimiento preventivo y/o correctivo a todo costo al motor, que incluye lo siguiente:
B139: abrazadera | C139: 78267.636 | D139: =C139 -> 78267.636
B140: abrazadera espiral lado filtro aire | C140: 78267.636 | D140: =C140 -> 78267.636
B141: abrazadera tubo admisión | C141: 78267.636 | D141: =C141 -> 78267.636
B142: aceite 1/4 | C142: 57806.716 | D142: =C142 -> 57806.716
B143: anillo C o cuña árbol levas | C143: 105362.22 | D143: =C143 -> 105362.22
B144: anillo retención | C144: 105362.22 | D144: =C144 -> 105362.22
B145: arandela tapón tiempo | C145: 57787.277 | D145: =C145 -> 57787.277
B146: arandela cobre espárragos externos (8.5x19x2.3) | C146: 57787.277 | D146: =C146 -> 57787.277
B147: arandela cobre espárragos internos (8.5x17x2.3) | C147: 57787.277 | D147: =C147 -> 57787.277
B148: arandela cobre tapón | C148: 57787.277 | D148: =C148 -> 57787.277
B149: arandela perno sujetador | C149: 57787.277 | D149: =C149 -> 57787.277
B150: arandela seguridad árbol levas | C150: 57787.277 | D150: =C150 -> 57787.277
... B245: tuercas espárragos | C245: 39540.087 | D245: =C245 -> 39540.087
A246: IT | B246: MANTENIMIENTO A TODO COSTO AL SISTEMA DE EMBRAGUE, INCLUYENDO REPUESTOS | C246: VALOR CONTRATADO 93-7-10037-26 | D246: VALOR PRECIO HISTORICO
B247: DESCRIPCION
A248: 5 | B248: Mantenimiento preventivo y/o correctivo a todo costo al sistema de embrague, que incluye lo siguiente:
B249: arandela de empuje | C249: 60517.68 | D249: =C249 -> 60517.68
B250: arandela retenedor aceite | C250: 60517.68 | D250: =C250 -> 60517.68
B251: árbol leva de embrague | C251: 1820042.8 | D251: =C251 -> 1820042.8
B252: brazo liberación embrague | C252: 501133.14 | D252: =C252 -> 501133.14
B253: cubo de embrague | C253: 709712.41 | D253: =C253 -> 709712.41
B254: juego discos de fricción o separadores | C254: 445413.12 | D254: =C254 -> 445413.12
B255: disco o plato de presión embrague | C255: 283702.42 | D255: =C255 -> 283702.42
B256: guaya de embrague | C256: 550872.36 | D256: =C256 -> 550872.36
B257: Juego discos embrague | C257: 445413.12 | D257: =C257 -> 445413.12
B258: kit de embrague(discos,separadores, cubo embrague) | C258: 972903.31 | D258: =C258 -> 972903.31
B259: pieza empuje embrague | C259: 474727.75 | D259: =C259 -> 474727.75
B260: resortes disco de presión | C260: 65830.536 | D260: =C260 -> 65830.536
... B264: varilla de empuje | C264: 349143.17 | D264: =C264 -> 349143.17
A265: IT | B265: MANTENIMIENTO A TODO COSTO A LA CAJA DE VELOCIDADES, INCLUYENDO REPUESTOS | C265: VALOR CONTRATADO 93-7-10037-26 | D265: VALOR PRECIO HISTORICO
B266: DESCRIPCION
A267: 6 | B267: Mantenimiento preventivo y/o correctivo a todo costo a la caja de velocidades que incluye lo siguiente:
B268: arandela | C268: 57787.277 | D268: =C268 -> 57787.277
B269: arandela de empuje | C269: 57787.277 | D269: =C269 -> 57787.277
B270: arandela de seguridad | C270: 57787.277 | D270: =C270 -> 57787.277
B271: arandela de seguridad retenedor aceite | C271: 57787.277 | D271: =C271 -> 57787.277
B272: arandela seguridad rodamiento | C272: 57787.277 | D272: =C272 -> 57787.277
B273: base switch neutral | C273: 547112.45 | D273: =C273 -> 547112.45
B274: clip circular | C274: 75170.252 | D274: =C274 -> 75170.252
B275: conjunto caja velocidades | C275: 1708035.1 | D275: =C275 -> 1708035.1
B276: contacto selectora -switch neutral | C276: 154421.9 | D276: =C276 -> 154421.9
B277: eje cambio de marchas | C277: 439582.85 | D277: =C277 -> 439582.85
B278: eje contador | C278: 474727.75 | D278: =C278 -> 474727.75
B279: eje de salida | C279: 523620.33 | D279: =C279 -> 523620.33
... B323: tornillo y arandela piñón salida | C323: 57787.277 | D323: =C323 -> 57787.277
...

Sheet PRECIO DE MERCADO 
B1: MANTENIMIENTO EQUIPO AUTOMOTOR "MOTOCICLETAS Y CUATRIMOTOS MULTIMARCA" | C1: COTIZACION NO. 1 MAQUIMOTOS | D1: COTIZACION NO. 2 DISTRI UNIVERSAL AUTOPARTES S.A.S | E1: COTIZACION NO. 3 INGEMARK | F1: COTIZACION NO. 4 DIAGNOSTICAMOS | G1: MENOR VALOR COTIZADO
B3: ESTUDIO DE MERCADO
B5: NOTA: todos los valores aquí observados, poseen el Iva y la mano de obra incluida.
B8: 1. SUZUKI DR 200
A9: IT | B9: MANTENIMIENTO A TODO COSTO DEL SISTEMA DE FRENOS – INCLUYENDO REPUESTOS | C9: VALOR IVA INCLUIDO Y MANO DE OBRA | D9: VALOR IVA INCLUIDO Y MANO DE OBRA | E9: VALOR IVA INCLUIDO Y MANO DE OBRA | F9: VALOR IVA INCLUIDO Y MANO DE OBRA | G9: VALOR IVA INCLUIDO Y MANO DE OBRA
B10: DESCRIPCION
A11: 1 | B11: Mantenimiento preventivo y/o correctivo a todo costo al sistema de frenos que incluye lo siguiente:
B12: arandela cobre | C12: 96000 | D12: 93000 | E12: 96700 | F12: 63240 | G12: =SMALL(C12:F12,1) -> 63240
B13: arandela leva pedal freno | C13: 96000 | D13: 93000 | E13: 96700 | F13: 63240 | G13: =SMALL(C13:F13,1) -> 63240
B14: arandela resorte varilla freno | C14: 96000 | D14: 93000 | E14: 96700 | F14: 63240 | G14: =SMALL(C14:F14,1) -> 63240
B15: arandela seguridad pasador | C15: 96000 | D15: 93000 | E15: 96700 | F15: 63240 | G15: =SMALL(C15:F15,1) -> 63240
B16: buje caucho calipér freno delantero | C16: 208000 | D16: 202000 | E16: 210100 | F16: 137360 | G16: =SMALL(C16:F16,1) -> 137360
B17: caliper freno delantero | C17: 445000 | D17: 432000 | E17: 449300 | F17: 293760 | G17: =SMALL(C17:F17,1) -> 293760
B18: cambio liquido de freno(incluye liquido y mano de obra) | C18: 195000 | D18: 189000 | E18: 196600 | F18: 128520 | G18: =SMALL(C18:F18,1) -> 128520
B19: cilindro maestro o bomba freno | C19: 592000 | D19: 575000 | E19: 598000 | F19: 391000 | G19: =SMALL(C19:F19,1) -> 391000
B20: conjunto de pistón caliper delantero | C20: 307000 | D20: 298000 | E20: 309900 | F20: 202640 | G20: =SMALL(C20:F20,1) -> 202640
B21: conjunto sellos pistón caliper delantero | C21: 483000 | D21: 469000 | E21: 487800 | F21: 318920 | G21: =SMALL(C21:F21,1) -> 318920
B22: conjunto varilla freno trasero | C22: 908000 | D22: 882000 | E22: 917300 | F22: 599760 | G22: =SMALL(C22:F22,1) -> 599760
B23: disco freno delantero | C23: 892000 | D23: 866000 | E23: 900600 | F23: 588880 | G23: =SMALL(C23:F23,1) -> 588880
... B46: tuerca resorte varilla de freno | C46: 62000 | D46: 60000 | E46: 62400 | F46: 40800 | G46: =SMALL(C46:F46,1) -> 40800
A47: IT | B47: MANTENIMIENTO A TODO COSTO AL SISTEMA DE RODAMIENTO, INCLUYENDO REPUESTOS | C47: VALOR IVA INCLUIDO Y MANO DE OBRA | D47: VALOR IVA INCLUIDO Y MANO DE OBRA | E47: VALOR IVA INCLUIDO Y MANO DE OBRA | F47: VALOR IVA INCLUIDO Y MANO DE OBRA | G47: VALOR IVA INCLUIDO Y MANO DE OBRA
B48: DESCRIPCION
A49: 2 | B49: Mantenimiento preventivo y/o correctivo a todo costo al sistema de rodamiento que incluye lo siguiente:
B50: ajustador cadena derecho | C50: 308000 | D50: 299000 | E50: 311000 | F50: 203320 | G50: =SMALL(C50:F50,1) -> 203320
B51: ajustador cadena izquierdo | C51: 308000 | D51: 299000 | E51: 311000 | F51: 203320 | G51: =SMALL(C51:F51,1) -> 203320
B52: cadena did 520 oring | C52: 590000 | D52: 573000 | E52: 595900 | F52: 389640 | G52: =SMALL(C52:F52,1) -> 389640
B53: conjunto engranaje del velocímetro | C53: 1055000 | D53: 1024000 | E53: 1065000 | F53: 696320 | G53: =SMALL(C53:F53,1) -> 696320
B54: cubo o manzana rueda delantera | C54: 1181000 | D54: 1147000 | E54: 1192900 | F54: 779960 | G54: =SMALL(C54:F54,1) -> 779960
B55: cubo o manzana rueda trasera | C55: 1181000 | D55: 1147000 | E55: 1192900 | F55: 779960 | G55: =SMALL(C55:F55,1) -> 779960
B56: eje delantero | C56: 985000 | D56: 956000 | E56: 994200 | F56: 650080 | G56: =SMALL(C56:F56,1) -> 650080
B57: eje trasero | C57: 985000 | D57: 956000 | E57: 994200 | F57: 650080 | G57: =SMALL(C57:F57,1) -> 650080
B58: enderezado y cambio rallos ruedas del/tra | C58: 308000 | D58: 299000 | E58: 311000 | F58: 203320 | G58: =SMALL(C58:F58,1) -> 203320
B59: espaciador ajustador cadena derecho | C59: 203000 | D59: 197000 | E59: 204900 | F59: 133960 | G59: =SMALL(C59:F59,1) -> 133960
B60: espaciador ajustador cadena izquierdo | C60: 203000 | D60: 197000 | E60: 204900 | F60: 133960 | G60: =SMALL(C60:F60,1) -> 133960
B61: espaciador eje lado derecho | C61: 203000 | D61: 197000 | E61: 204900 | F61: 133960 | G61: =SMALL(C61:F61,1) -> 133960
... B75: tornillo sujeción sprocket o piñon | C75: 94000 | D75: 91000 | E75: 94600 | F75: 61880 | G75: =SMALL(C75:F75,1) -> 61880
A76: IT | B76: MANTENIMIENTO A TODO COSTO AL SISTEMA DE SUSPENSION, INCLUYENDO REPUESTOS | C76: VALOR IVA INCLUIDO Y MANO DE OBRA | D76: VALOR IVA INCLUIDO Y MANO DE OBRA | E76: VALOR IVA INCLUIDO Y MANO DE OBRA | F76: VALOR IVA INCLUIDO Y MANO DE OBRA | G76: VALOR IVA INCLUIDO Y MANO DE OBRA
B77: DESCRIPCION
A78: 3 | B78: Mantenimiento preventivo y/o correctivo a todo costo al sistema de Suspensión que incluye lo siguiente:
B79: abrazadera inferior | C79: 127000 | D79: 123000 | E79: 127900 | F79: 83640 | G79: =SMALL(C79:F79,1) -> 83640
B80: abrazadera superior | C80: 127000 | D80: 123000 | E80: 127900 | F80: 83640 | G80: =SMALL(C80:F80,1) -> 83640
B81: acoplamiento de par trasero | C81: 826000 | D81: 802000 | E81: 834100 | F81: 545360 | G81: =SMALL(C81:F81,1) -> 545360
B82: amortiguador o monoshock rojo | C82: 2887000 | D82: 2803000 | E82: 2915100 | F82: 1906040 | G82: =SMALL(C82:F82,1) -> 1906040
B83: anillo de pistón R/L | C83: 424000 | D83: 412000 | E83: 428500 | F83: 280160 | G83: =SMALL(C83:F83,1) -> 280160
B84: anillo tapón R/L | C84: 171000 | D84: 166000 | E84: 172600 | F84: 112880 | G84: =SMALL(C84:F84,1) -> 112880
B85: anillo tapón rodamiento | C85: 171000 | D85: 166000 | E85: 172600 | F85: 112880 | G85: =SMALL(C85:F85,1) -> 112880
B86: arandela empuje R/L | C86: 94000 | D86: 91000 | E86: 94600 | F86: 61880 | G86: =SMALL(C86:F86,1) -> 61880
B87: asiento resorte R/L | C87: 465000 | D87: 451000 | E87: 469000 | F87: 306680 | G87: =SMALL(C87:F87,1) -> 306680
B88: barra delantera completa derecha | C88: 1967000 | D88: 1910000 | E88: 1986400 | F88: 1298800 | G88: =SMALL(C88:F88,1) -> 1298800
B89: barra delantera completa izquierda | C89: 1967000 | D89: 1910000 | E89: 1986400 | F89: 1298800 | G89: =SMALL(C89:F89,1) -> 1298800
B90: buje pivote R/L | C90: 203000 | D90: 197000 | E90: 204900 | F90: 133960 | G90: =SMALL(C90:F90,1) -> 133960
... B135: tubo interior o de la horquilla R/L | C135: 960000 | D135: 932000 | E135: 969300 | F135: 633760 | G135: =SMALL(C135:F135,1) -> 633760
A136: IT | B136: MANTENIMIENTO A TODO COSTO AL MOTOR, INCLUYENDO REPUESTOS | C136: VALOR IVA INCLUIDO Y MANO DE OBRA | D136: VALOR IVA INCLUIDO Y MANO DE OBRA | E136: VALOR IVA INCLUIDO Y MANO DE OBRA | F136: VALOR IVA INCLUIDO Y MANO DE OBRA | G136: VALOR IVA INCLUIDO Y MANO DE OBRA
B137: DESCRIPCION
A138: 4 | B138: Mantenimiento preventivo y/o correctivo a todo costo al motor, que incluye lo siguiente:
B139: abrazadera | C139: 127000 | D139: 123000 | E139: 127900 | F139: 83640 | G139: =SMALL(C139:F139,1) -> 83640
B140: abrazadera espiral lado filtro aire | C140: 127000 | D140: 123000 | E140: 127900 | F140: 83640 | G140: =SMALL(C140:F140,1) -> 83640
B141: abrazadera tubo admisión | C141: 127000 | D141: 123000 | E141: 127900 | F141: 83640 | G141: =SMALL(C141:F141,1) -> 83640
B142: aceite 1/4 | C142: 94000 | D142: 91000 | E142: 94600 | F142: 61880 | G142: =SMALL(C142:F142,1) -> 61880
B143: anillo C o cuña árbol levas | C143: 171000 | D143: 166000 | E143: 172600 | F143: 112880 | G143: =SMALL(C143:F143,1) -> 112880
B144: anillo retención | C144: 171000 | D144: 166000 | E144: 172600 | F144: 112880 | G144: =SMALL(C144:F144,1) -> 112880
B145: arandela tapón tiempo | C145: 94000 | D145: 91000 | E145: 94600 | F145: 61880 | G145: =SMALL(C145:F145,1) -> 61880
B146: arandela cobre espárragos externos (8.5x19x2.3) | C146: 94000 | D146: 91000 | E146: 94600 | F146: 61880 | G146: =SMALL(C146:F146,1) -> 61880
B147: arandela cobre espárragos internos (8.5x17x2.3) | C147: 94000 | D147: 91000 | E147: 94600 | F147: 61880 | G147: =SMALL(C147:F147,1) -> 61880
B148: arandela cobre tapón | C148: 94000 | D148: 91000 | E148: 94600 | F148: 61880 | G148: =SMALL(C148:F148,1) -> 61880
B149: arandela perno sujetador | C149: 94000 | D149: 91000 | E149: 94600 | F149: 61880 | G149: =SMALL(C149:F149,1) -> 61880
B150: arandela seguridad árbol levas | C150: 94000 | D150: 91000 | E150: 94600 | F150: 61880 | G150: =SMALL(C150:F150,1) -> 61880
... B245: tuercas espárragos | C245: 64000 | D245: 62000 | E245: 64500 | F245: 42160 | G245: =SMALL(C245:F245,1) -> 42160
A246: IT | B246: MANTENIMIENTO A TODO COSTO AL SISTEMA DE EMBRAGUE, INCLUYENDO REPUESTOS | C246: VALOR IVA INCLUIDO Y MANO DE OBRA | D246: VALOR IVA INCLUIDO Y MANO DE OBRA | E246: VALOR IVA INCLUIDO Y MANO DE OBRA | F246: VALOR IVA INCLUIDO Y MANO DE OBRA | G246: VALOR IVA INCLUIDO Y MANO DE OBRA
B247: DESCRIPCION
A248: 5 | B248: Mantenimiento preventivo y/o correctivo a todo costo al sistema de embrague, que incluye lo siguiente:
B249: arandela de empuje | C249: 98000 | D249: 95000 | E249: 98800 | F249: 64600 | G249: =SMALL(C249:F249,1) -> 64600
B250: arandela retenedor aceite | C250: 98000 | D250: 95000 | E250: 98800 | F250: 64600 | G250: =SMALL(C250:F250,1) -> 64600
B251: árbol leva de embrague | C251: 2947000 | D251: 2861000 | E251: 2975400 | F251: 1945480 | G251: =SMALL(C251:F251,1) -> 1945480
B252: brazo liberación embrague | C252: 812000 | D252: 788000 | E252: 819500 | F252: 535840 | G252: =SMALL(C252:F252,1) -> 535840
B253: cubo de embrague | C253: 1149000 | D253: 1116000 | E253: 1160600 | F253: 758880 | G253: =SMALL(C253:F253,1) -> 758880
B254: juego discos de fricción o separadores | C254: 721000 | D254: 700000 | E254: 728000 | F254: 476000 | G254: =SMALL(C254:F254,1) -> 476000
B255: disco o plato de presión embrague | C255: 459000 | D255: 446000 | E255: 463800 | F255: 303280 | G255: =SMALL(C255:F255,1) -> 303280
B256: guaya de embrague | C256: 892000 | D256: 866000 | E256: 900600 | F256: 588880 | G256: =SMALL(C256:F256,1) -> 588880
B257: Juego discos embrague | C257: 721000 | D257: 700000 | E257: 728000 | F257: 476000 | G257: =SMALL(C257:F257,1) -> 476000
B258: kit de embrague(discos,separadores, cubo embrague) | C258: 1576000 | D258: 1530000 | E258: 1591200 | F258: 1040400 | G258: =SMALL(C258:F258,1) -> 1040400
B259: pieza empuje embrague | C259: 768000 | D259: 746000 | E259: 775800 | F259: 507280 | G259: =SMALL(C259:F259,1) -> 507280
B260: resortes disco de presión | C260: 107000 | D260: 104000 | E260: 108200 | F260: 70720 | G260: =SMALL(C260:F260,1) -> 70720
... B264: varilla de empuje | C264: 565000 | D264: 549000 | E264: 571000 | F264: 373320 | G264: =SMALL(C264:F264,1) -> 373320
A265: IT | B265: MANTENIMIENTO A TODO COSTO A LA CAJA DE VELOCIDADES, INCLUYENDO REPUESTOS | C265: VALOR IVA INCLUIDO Y MANO DE OBRA | D265: VALOR IVA INCLUIDO Y MANO DE OBRA | E265: VALOR IVA INCLUIDO Y MANO DE OBRA | F265: VALOR IVA INCLUIDO Y MANO DE OBRA | G265: VALOR IVA INCLUIDO Y MANO DE OBRA
B266: DESCRIPCION
A267: 6 | B267: Mantenimiento preventivo y/o correctivo a todo costo a la caja de velocidades que incluye lo siguiente:
B268: arandela | C268: 94000 | D268: 91000 | E268: 94600 | F268: 61880 | G268: =SMALL(C268:F268,1) -> 61880
B269: arandela de empuje | C269: 94000 | D269: 91000 | E269: 94600 | F269: 61880 | G269: =SMALL(C269:F269,1) -> 61880
B270: arandela de seguridad | C270: 94000 | D270: 91000 | E270: 94600 | F270: 61880 | G270: =SMALL(C270:F270,1) -> 61880
B271: arandela de seguridad retenedor aceite | C271: 94000 | D271: 91000 | E271: 94600 | F271: 61880 | G271: =SMALL(C271:F271,1) -> 61880
B272: arandela seguridad rodamiento | C272: 94000 | D272: 91000 | E272: 94600 | F272: 61880 | G272: =SMALL(C272:F272,1) -> 61880
B273: base switch neutral | C273: 886000 | D273: 860000 | E273: 894400 | F273: 584800 | G273: =SMALL(C273:F273,1) -> 584800
B274: clip circular | C274: 122000 | D274: 118000 | E274: 122700 | F274: 80240 | G274: =SMALL(C274:F274,1) -> 80240
B275: conjunto caja velocidades | C275: 2766000 | D275: 2685000 | E275: 2792400 | F275: 1825800 | G275: =SMALL(C275:F275,1) -> 1825800
B276: contacto selectora -switch neutral | C276: 250000 | D276: 243000 | E276: 252700 | F276: 165240 | G276: =SMALL(C276:F276,1) -> 165240
B277: eje cambio de marchas | C277: 712000 | D277: 691000 | E277: 718600 | F277: 469880 | G277: =SMALL(C277:F277,1) -> 469880
B278: eje contador | C278: 768000 | D278: 746000 | E278: 775800 | F278: 507280 | G278: =SMALL(C278:F278,1) -> 507280
B279: eje de salida | C279: 848000 | D279: 823000 | E279: 855900 | F279: 559640 | G279: =SMALL(C279:F279,1) -> 559640
... B323: tornillo y arandela piñón salida | C323: 94000 | D323: 91000 | E323: 94600 | F323: 61880 | G323: =SMALL(C323:F323,1) -> 61880
...

Sheet VALOR ESTIMADO 
B1: MANTENIMIENTO EQUIPO AUTOMOTOR "MOTOCICLETAS Y CUATRIMOTOS MULTIMARCA" | E1: VALOR SOBRE EL CUAL SE APLICARA EL PORCENTAJE DE DESCUENTO OFERTADO.
B3: ESTUDIO DE MERCADO
B5: NOTA: todos los valores aquí observados, poseen el Iva y la mano de obra incluida.
B8: 1. SUZUKI DR 200
A9: IT | B9: MANTENIMIENTO A TODO COSTO DEL SISTEMA DE FRENOS – INCLUYENDO REPUESTOS | C9: PRECIO HISTORICO 2026 IVA INCLUIDO Y MANO DE OBRA | D9: PRECIO DE MERCADO IVA INCLUIDO Y MANO DE OBRA | E9: VALOR ESTIMADO IVA INCLUIDO Y MANO DE OBRA
B10: DESCRIPCION
A11: 1 | B11: Mantenimiento preventivo y/o correctivo a todo costo al sistema de frenos que incluye lo siguiente:
B12: arandela cobre | C12: ='PRECIO HISTORICO'!D12 -> 59242.635 | D12: ='PRECIO DE MERCADO '!G12 -> 63240 | E12: =AVERAGE(C12:D12) -> 61241.317
B13: arandela leva pedal freno | C13: ='PRECIO HISTORICO'!D13 -> 59185.843 | D13: ='PRECIO DE MERCADO '!G13 -> 63240 | E13: =AVERAGE(C13:D13) -> 61212.922
B14: arandela resorte varilla freno | C14: ='PRECIO HISTORICO'!D14 -> 59185.843 | D14: ='PRECIO DE MERCADO '!G14 -> 63240 | E14: =AVERAGE(C14:D14) -> 61212.922
B15: arandela seguridad pasador | C15: ='PRECIO HISTORICO'!D15 -> 59185.843 | D15: ='PRECIO DE MERCADO '!G15 -> 63240 | E15: =AVERAGE(C15:D15) -> 61212.922
B16: buje caucho calipér freno delantero | C16: ='PRECIO HISTORICO'!D16 -> 128543.89 | D16: ='PRECIO DE MERCADO '!G16 -> 137360 | E16: =AVERAGE(C16:D16) -> 132951.95
B17: caliper freno delantero | C17: ='PRECIO HISTORICO'!D17 -> 274825.37 | D17: ='PRECIO DE MERCADO '!G17 -> 293760 | E17: =AVERAGE(C17:D17) -> 284292.69
B18: cambio liquido de freno(incluye liquido y mano de obra) | C18: ='PRECIO HISTORICO'!D18 -> 120061.02 | D18: ='PRECIO DE MERCADO '!G18 -> 128520 | E18: =AVERAGE(C18:D18) -> 124290.51
B19: cilindro maestro o bomba freno | C19: ='PRECIO HISTORICO'!D19 -> 365770.46 | D19: ='PRECIO DE MERCADO '!G19 -> 391000 | E19: =AVERAGE(C19:D19) -> 378385.23
B20: conjunto de pistón caliper delantero | C20: ='PRECIO HISTORICO'!D20 -> 189451.45 | D20: ='PRECIO DE MERCADO '!G20 -> 202640 | E20: =AVERAGE(C20:D20) -> 196045.73
B21: conjunto sellos pistón caliper delantero | C21: ='PRECIO HISTORICO'!D21 -> 298489.11 | D21: ='PRECIO DE MERCADO '!G21 -> 318920 | E21: =AVERAGE(C21:D21) -> 308704.55
B22: conjunto varilla freno trasero | C22: ='PRECIO HISTORICO'!D22 -> 561112.67 | D22: ='PRECIO DE MERCADO '!G22 -> 599760 | E22: =AVERAGE(C22:D22) -> 580436.33
B23: disco freno delantero | C23: ='PRECIO HISTORICO'!D23 -> 550872.02 | D23: ='PRECIO DE MERCADO '!G23 -> 588880 | E23: =AVERAGE(C23:D23) -> 569876.01
... B46: tuerca resorte varilla de freno | C46: ='PRECIO HISTORICO'!D46 -> 38135.08 | D46: ='PRECIO DE MERCADO '!G46 -> 40800 | E46: =AVERAGE(C46:D46) -> 39467.54
A47: IT | B47: MANTENIMIENTO A TODO COSTO AL SISTEMA DE RODAMIENTO, INCLUYENDO REPUESTOS | C47: PRECIO HISTORICO 2026 IVA INCLUIDO Y MANO DE OBRA | D47: PRECIO DE MERCADO IVA INCLUIDO Y MANO DE OBRA | E47: VALOR ESTIMADO IVA INCLUIDO Y MANO DE OBRA
B48: DESCRIPCION
A49: 2 | B49: Mantenimiento preventivo y/o correctivo a todo costo al sistema de rodamiento que incluye lo siguiente:
B50: ajustador cadena derecho | C50: ='PRECIO HISTORICO'!D50 -> 190247.01 | D50: ='PRECIO DE MERCADO '!G50 -> 203320 | E50: =AVERAGE(C50:D50) -> 196783.51
B51: ajustador cadena izquierdo | C51: ='PRECIO HISTORICO'!D51 -> 190247.01 | D51: ='PRECIO DE MERCADO '!G51 -> 203320 | E51: =AVERAGE(C51:D51) -> 196783.51
B52: cadena did 520 oring | C52: ='PRECIO HISTORICO'!D52 -> 364459.93 | D52: ='PRECIO DE MERCADO '!G52 -> 389640 | E52: =AVERAGE(C52:D52) -> 377049.97
B53: conjunto engranaje del velocímetro | C53: ='PRECIO HISTORICO'!D53 -> 651225.28 | D53: ='PRECIO DE MERCADO '!G53 -> 696320 | E53: =AVERAGE(C53:D53) -> 673772.64
B54: cubo o manzana rueda delantera | C54: ='PRECIO HISTORICO'!D54 -> 729424.94 | D54: ='PRECIO DE MERCADO '!G54 -> 779960 | E54: =AVERAGE(C54:D54) -> 754692.47
B55: cubo o manzana rueda trasera | C55: ='PRECIO HISTORICO'!D55 -> 729424.94 | D55: ='PRECIO DE MERCADO '!G55 -> 779960 | E55: =AVERAGE(C55:D55) -> 754692.47
B56: eje delantero | C56: ='PRECIO HISTORICO'!D56 -> 607938.3 | D56: ='PRECIO DE MERCADO '!G56 -> 650080 | E56: =AVERAGE(C56:D56) -> 629009.15
B57: eje trasero | C57: ='PRECIO HISTORICO'!D57 -> 607938.3 | D57: ='PRECIO DE MERCADO '!G57 -> 650080 | E57: =AVERAGE(C57:D57) -> 629009.15
B58: enderezado y cambio rallos ruedas del/tra | C58: ='PRECIO HISTORICO'!D58 -> 190317.48 | D58: ='PRECIO DE MERCADO '!G58 -> 203320 | E58: =AVERAGE(C58:D58) -> 196818.74
B59: espaciador ajustador cadena derecho | C59: ='PRECIO HISTORICO'!D59 -> 125230.96 | D59: ='PRECIO DE MERCADO '!G59 -> 133960 | E59: =AVERAGE(C59:D59) -> 129595.48
B60: espaciador ajustador cadena izquierdo | C60: ='PRECIO HISTORICO'!D60 -> 125230.96 | D60: ='PRECIO DE MERCADO '!G60 -> 133960 | E60: =AVERAGE(C60:D60) -> 129595.48
B61: espaciador eje lado derecho | C61: ='PRECIO HISTORICO'!D61 -> 125230.96 | D61: ='PRECIO DE MERCADO '!G61 -> 133960 | E61: =AVERAGE(C61:D61) -> 129595.48
... B75: tornillo sujeción sprocket o piñon | C75: ='PRECIO HISTORICO'!D75 -> 57787.277 | D75: ='PRECIO DE MERCADO '!G75 -> 61880 | E75: =AVERAGE(C75:D75) -> 59833.639
A76: IT | B76: MANTENIMIENTO A TODO COSTO AL SISTEMA DE SUSPENSION, INCLUYENDO REPUESTOS | C76: PRECIO HISTORICO 2026 IVA INCLUIDO Y MANO DE OBRA | D76: PRECIO DE MERCADO IVA INCLUIDO Y MANO DE OBRA | E76: VALOR ESTIMADO IVA INCLUIDO Y MANO DE OBRA
B77: DESCRIPCION
A78: 3 | B78: Mantenimiento preventivo y/o correctivo a todo costo al sistema de Suspensión que incluye lo siguiente:
B79: abrazadera inferior | C79: ='PRECIO HISTORICO'!D79 -> 78267.636 | D79: ='PRECIO DE MERCADO '!G79 -> 83640 | E79: =AVERAGE(C79:D79) -> 80953.818
B80: abrazadera superior | C80: ='PRECIO HISTORICO'!D80 -> 78267.636 | D80: ='PRECIO DE MERCADO '!G80 -> 83640 | E80: =AVERAGE(C80:D80) -> 80953.818
B81: acoplamiento de par trasero | C81: ='PRECIO HISTORICO'!D81 -> 509994.76 | D81: ='PRECIO DE MERCADO '!G81 -> 545360 | E81: =AVERAGE(C81:D81) -> 527677.38
B82: amortiguador o monoshock rojo | C82: ='PRECIO HISTORICO'!D82 -> 1782776.4 | D82: ='PRECIO DE MERCADO '!G82 -> 1906040 | E82: =AVERAGE(C82:D82) -> 1844408.2
B83: anillo de pistón R/L | C83: ='PRECIO HISTORICO'!D83 -> 261975.8 | D83: ='PRECIO DE MERCADO '!G83 -> 280160 | E83: =AVERAGE(C83:D83) -> 271067.9
B84: anillo tapón R/L | C84: ='PRECIO HISTORICO'!D84 -> 105362.22 | D84: ='PRECIO DE MERCADO '!G84 -> 112880 | E84: =AVERAGE(C84:D84) -> 109121.11
B85: anillo tapón rodamiento | C85: ='PRECIO HISTORICO'!D85 -> 105362.22 | D85: ='PRECIO DE MERCADO '!G85 -> 112880 | E85: =AVERAGE(C85:D85) -> 109121.11
B86: arandela empuje R/L | C86: ='PRECIO HISTORICO'!D86 -> 57787.277 | D86: ='PRECIO DE MERCADO '!G86 -> 61880 | E86: =AVERAGE(C86:D86) -> 59833.639
B87: asiento resorte R/L | C87: ='PRECIO HISTORICO'!D87 -> 286881.64 | D87: ='PRECIO DE MERCADO '!G87 -> 306680 | E87: =AVERAGE(C87:D87) -> 296780.82
B88: barra delantera completa derecha | C88: ='PRECIO HISTORICO'!D88 -> 1215062.1 | D88: ='PRECIO DE MERCADO '!G88 -> 1298800 | E88: =AVERAGE(C88:D88) -> 1256931.1
B89: barra delantera completa izquierda | C89: ='PRECIO HISTORICO'!D89 -> 1215062.1 | D89: ='PRECIO DE MERCADO '!G89 -> 1298800 | E89: =AVERAGE(C89:D89) -> 1256931.1
B90: buje pivote R/L | C90: ='PRECIO HISTORICO'!D90 -> 125230.96 | D90: ='PRECIO DE MERCADO '!G90 -> 133960 | E90: =AVERAGE(C90:D90) -> 129595.48
... B135: tubo interior o de la horquilla R/L | C135: ='PRECIO HISTORICO'!D135 -> 592641.71 | D135: ='PRECIO DE MERCADO '!G135 -> 633760 | E135: =AVERAGE(C135:D135) -> 613200.86
A136: IT | B136: MANTENIMIENTO A TODO COSTO AL MOTOR, INCLUYENDO REPUESTOS | C136: PRECIO HISTORICO 2026 IVA INCLUIDO Y MANO DE OBRA | D136: PRECIO DE MERCADO IVA INCLUIDO Y MANO DE OBRA | E136: VALOR ESTIMADO IVA INCLUIDO Y MANO DE OBRA
B137: DESCRIPCION
A138: 4 | B138: Mantenimiento preventivo y/o correctivo a todo costo al motor, que incluye lo siguiente:
B139: abrazadera | C139: ='PRECIO HISTORICO'!D139 -> 78267.636 | D139: ='PRECIO DE MERCADO '!G139 -> 83640 | E139: =AVERAGE(C139:D139) -> 80953.818
B140: abrazadera espiral lado filtro aire | C140: ='PRECIO HISTORICO'!D140 -> 78267.636 | D140: ='PRECIO DE MERCADO '!G140 -> 83640 | E140: =AVERAGE(C140:D140) -> 80953.818
B141: abrazadera tubo admisión | C141: ='PRECIO HISTORICO'!D141 -> 78267.636 | D141: ='PRECIO DE MERCADO '!G141 -> 83640 | E141: =AVERAGE(C141:D141) -> 80953.818
B142: aceite 1/4 | C142: ='PRECIO HISTORICO'!D142 -> 57806.716 | D142: ='PRECIO DE MERCADO '!G142 -> 61880 | E142: =AVERAGE(C142:D142) -> 59843.358
B143: anillo C o cuña árbol levas | C143: ='PRECIO HISTORICO'!D143 -> 105362.22 | D143: ='PRECIO DE MERCADO '!G143 -> 112880 | E143: =AVERAGE(C143:D143) -> 109121.11
B144: anillo retención | C144: ='PRECIO HISTORICO'!D144 -> 105362.22 | D144: ='PRECIO DE MERCADO '!G144 -> 112880 | E144: =AVERAGE(C144:D144) -> 109121.11
B145: arandela tapón tiempo | C145: ='PRECIO HISTORICO'!D145 -> 57787.277 | D145: ='PRECIO DE MERCADO '!G145 -> 61880 | E145: =AVERAGE(C145:D145) -> 59833.639
B146: arandela cobre espárragos externos (8.5x19x2.3) | C146: ='PRECIO HISTORICO'!D146 -> 57787.277 | D146: ='PRECIO DE MERCADO '!G146 -> 61880 | E146: =AVERAGE(C146:D146) -> 59833.639
B147: arandela cobre espárragos internos (8.5x17x2.3) | C147: ='PRECIO HISTORICO'!D147 -> 57787.277 | D147: ='PRECIO DE MERCADO '!G147 -> 61880 | E147: =AVERAGE(C147:D147) -> 59833.639
B148: arandela cobre tapón | C148: ='PRECIO HISTORICO'!D148 -> 57787.277 | D148: ='PRECIO DE MERCADO '!G148 -> 61880 | E148: =AVERAGE(C148:D148) -> 59833.639
B149: arandela perno sujetador | C149: ='PRECIO HISTORICO'!D149 -> 57787.277 | D149: ='PRECIO DE MERCADO '!G149 -> 61880 | E149: =AVERAGE(C149:D149) -> 59833.639
B150: arandela seguridad árbol levas | C150: ='PRECIO HISTORICO'!D150 -> 57787.277 | D150: ='PRECIO DE MERCADO '!G150 -> 61880 | E150: =AVERAGE(C150:D150) -> 59833.639
... B245: tuercas espárragos | C245: ='PRECIO HISTORICO'!D245 -> 39540.087 | D245: ='PRECIO DE MERCADO '!G245 -> 42160 | E245: =AVERAGE(C245:D245) -> 40850.044
A246: IT | B246: MANTENIMIENTO A TODO COSTO AL SISTEMA DE EMBRAGUE, INCLUYENDO REPUESTOS | C246: PRECIO HISTORICO 2026 IVA INCLUIDO Y MANO DE OBRA | D246: PRECIO DE MERCADO IVA INCLUIDO Y MANO DE OBRA | E246: VALOR ESTIMADO IVA INCLUIDO Y MANO DE OBRA
B247: DESCRIPCION
A248: 5 | B248: Mantenimiento preventivo y/o correctivo a todo costo al sistema de embrague, que incluye lo siguiente:
B249: arandela de empuje | C249: ='PRECIO HISTORICO'!D249 -> 60517.68 | D249: ='PRECIO DE MERCADO '!G249 -> 64600 | E249: =AVERAGE(C249:D249) -> 62558.84
B250: arandela retenedor aceite | C250: ='PRECIO HISTORICO'!D250 -> 60517.68 | D250: ='PRECIO DE MERCADO '!G250 -> 64600 | E250: =AVERAGE(C250:D250) -> 62558.84
B251: árbol leva de embrague | C251: ='PRECIO HISTORICO'!D251 -> 1820042.8 | D251: ='PRECIO DE MERCADO '!G251 -> 1945480 | E251: =AVERAGE(C251:D251) -> 1882761.4
B252: brazo liberación embrague | C252: ='PRECIO HISTORICO'!D252 -> 501133.14 | D252: ='PRECIO DE MERCADO '!G252 -> 535840 | E252: =AVERAGE(C252:D252) -> 518486.57
B253: cubo de embrague | C253: ='PRECIO HISTORICO'!D253 -> 709712.41 | D253: ='PRECIO DE MERCADO '!G253 -> 758880 | E253: =AVERAGE(C253:D253) -> 734296.21
B254: juego discos de fricción o separadores | C254: ='PRECIO HISTORICO'!D254 -> 445413.12 | D254: ='PRECIO DE MERCADO '!G254 -> 476000 | E254: =AVERAGE(C254:D254) -> 460706.56
B255: disco o plato de presión embrague | C255: ='PRECIO HISTORICO'!D255 -> 283702.42 | D255: ='PRECIO DE MERCADO '!G255 -> 303280 | E255: =AVERAGE(C255:D255) -> 293491.21
B256: guaya de embrague | C256: ='PRECIO HISTORICO'!D256 -> 550872.36 | D256: ='PRECIO DE MERCADO '!G256 -> 588880 | E256: =AVERAGE(C256:D256) -> 569876.18
B257: Juego discos embrague | C257: ='PRECIO HISTORICO'!D257 -> 445413.12 | D257: ='PRECIO DE MERCADO '!G257 -> 476000 | E257: =AVERAGE(C257:D257) -> 460706.56
B258: kit de embrague(discos,separadores, cubo embrague) | C258: ='PRECIO HISTORICO'!D258 -> 972903.31 | D258: ='PRECIO DE MERCADO '!G258 -> 1040400 | E258: =AVERAGE(C258:D258) -> 1006651.7
B259: pieza empuje embrague | C259: ='PRECIO HISTORICO'!D259 -> 474727.75 | D259: ='PRECIO DE MERCADO '!G259 -> 507280 | E259: =AVERAGE(C259:D259) -> 491003.88
B260: resortes disco de presión | C260: ='PRECIO HISTORICO'!D260 -> 65830.536 | D260: ='PRECIO DE MERCADO '!G260 -> 70720 | E260: =AVERAGE(C260:D260) -> 68275.268
... B264: varilla de empuje | C264: ='PRECIO HISTORICO'!D264 -> 349143.17 | D264: ='PRECIO DE MERCADO '!G264 -> 373320 | E264: =AVERAGE(C264:D264) -> 361231.58
A265: IT | B265: MANTENIMIENTO A TODO COSTO A LA CAJA DE VELOCIDADES, INCLUYENDO REPUESTOS | C265: PRECIO HISTORICO 2026 IVA INCLUIDO Y MANO DE OBRA | D265: PRECIO DE MERCADO IVA INCLUIDO Y MANO DE OBRA | E265: VALOR ESTIMADO IVA INCLUIDO Y MANO DE OBRA
B266: DESCRIPCION
A267: 6 | B267: Mantenimiento preventivo y/o correctivo a todo costo a la caja de velocidades que incluye lo siguiente:
B268: arandela | C268: ='PRECIO HISTORICO'!D268 -> 57787.277 | D268: ='PRECIO DE MERCADO '!G268 -> 61880 | E268: =AVERAGE(C268:D268) -> 59833.639
B269: arandela de empuje | C269: ='PRECIO HISTORICO'!D269 -> 57787.277 | D269: ='PRECIO DE MERCADO '!G269 -> 61880 | E269: =AVERAGE(C269:D269) -> 59833.639
B270: arandela de seguridad | C270: ='PRECIO HISTORICO'!D270 -> 57787.277 | D270: ='PRECIO DE MERCADO '!G270 -> 61880 | E270: =AVERAGE(C270:D270) -> 59833.639
B271: arandela de seguridad retenedor aceite | C271: ='PRECIO HISTORICO'!D271 -> 57787.277 | D271: ='PRECIO DE MERCADO '!G271 -> 61880 | E271: =AVERAGE(C271:D271) -> 59833.639
B272: arandela seguridad rodamiento | C272: ='PRECIO HISTORICO'!D272 -> 57787.277 | D272: ='PRECIO DE MERCADO '!G272 -> 61880 | E272: =AVERAGE(C272:D272) -> 59833.639
B273: base switch neutral | C273: ='PRECIO HISTORICO'!D273 -> 547112.45 | D273: ='PRECIO DE MERCADO '!G273 -> 584800 | E273: =AVERAGE(C273:D273) -> 565956.22
B274: clip circular | C274: ='PRECIO HISTORICO'!D274 -> 75170.252 | D274: ='PRECIO DE MERCADO '!G274 -> 80240 | E274: =AVERAGE(C274:D274) -> 77705.126
B275: conjunto caja velocidades | C275: ='PRECIO HISTORICO'!D275 -> 1708035.1 | D275: ='PRECIO DE MERCADO '!G275 -> 1825800 | E275: =AVERAGE(C275:D275) -> 1766917.5
B276: contacto selectora -switch neutral | C276: ='PRECIO HISTORICO'!D276 -> 154421.9 | D276: ='PRECIO DE MERCADO '!G276 -> 165240 | E276: =AVERAGE(C276:D276) -> 159830.95
B277: eje cambio de marchas | C277: ='PRECIO HISTORICO'!D277 -> 439582.85 | D277: ='PRECIO DE MERCADO '!G277 -> 469880 | E277: =AVERAGE(C277:D277) -> 454731.43
B278: eje contador | C278: ='PRECIO HISTORICO'!D278 -> 474727.75 | D278: ='PRECIO DE MERCADO '!G278 -> 507280 | E278: =AVERAGE(C278:D278) -> 491003.88
B279: eje de salida | C279: ='PRECIO HISTORICO'!D279 -> 523620.33 | D279: ='PRECIO DE MERCADO '!G279 -> 559640 | E279: =AVERAGE(C279:D279) -> 541630.17
... B323: tornillo y arandela piñón salida | C323: ='PRECIO HISTORICO'!D323 -> 57787.277 | D323: ='PRECIO DE MERCADO '!G323 -> 61880 | E323: =AVERAGE(C323:D323) -> 59833.639
...
